 Dungeon Crawl Stone Soup version 0.27.1-2-g3b301248ec (webtiles) character file.

Game seed: 4463133848402250801

19633 nxtlvl the Cleaver (level 12, -10/106 HPs)
             Began as a Pale Draconian Berserker on Sept 29, 2021.
             Was a High Priest of Trog.
             Mangled by a tyrant leech (24 damage)
             ... on level 2 of the Lair of Beasts.
             The game lasted 01:02:05 (5223 turns).

nxtlvl the Cleaver (Pale Draconian Berserker)       Turns: 5223, Time: 01:02:06

Health: -10/106    AC: 14    Str: 22    XL:     12   Next: 38%
Magic:  0/21       EV: 17    Int:  8    God:    Trog [*****.]
Gold:   505        SH:  0    Dex: 16    Spells: 11/11 levels left

rFire    + . .     SeeInvis .   b - +6 battleaxe (flame)
rCold    + . .     Faith    .   (shield currently unavailable)
rNeg     . . .     Spirit   +   (armour unavailable)
rPois    +         Reflect  .   (helmet restricted)
rElec    .         Harm     .   c - +0 cloak
rCorr    .         Rampage  +   e - +1 pair of gloves {Str+3}
Will     ++...                  d - +2 pair of boots {rampage}
Stlth    +.........             z - amulet of guardian spirit
HPRegen  1.27/turn              o - ring of magical power
MPRegen  0.17/turn              L - ring "Fusiz" {rPois rF+ rC+}

@: strong-willed, regenerating, hasted, studying 2 skills, quick
A: breathe steam, AC +8, unfitting armour, cold-blooded, steam resistance
a: Breathe Steam, Renounce Religion, Berserk, Trog's Hand, Brothers in Arms


You were on level 2 of the Lair of Beasts.
You worshipped Trog.
Trog was extremely pleased with you.
You visited 2 branches of the dungeon, and saw 14 of its levels.
You also visited: Sewer, Bailey and Gauntlet.

You collected 685 gold pieces.
You spent 180 gold pieces at shops.

Inventory:

Hand Weapons
 a - a +5 war axe
 b - a +6 battleaxe of flaming (weapon)
 A - a +0 hand crossbow
 B - a +0 shortbow
 J - a +0 bardiche
 W - the +7 mace of Variability {chain chaos}
   (You found it on level 5 of the Dungeon)

   Each time it hits an enemy it has a different, random effect.
   It occasionally unleashes arcs of chaos on nearby creatures upon striking a
   foe.
Missiles
 i - 11 javelins
 q - 93 bolts
 C - 3 throwing nets
 I - a curare-tipped dart
 R - 321 arrows
 V - 67 poisoned darts (quivered)
Armour
 c - a +0 cloak (worn)
 d - a +2 pair of boots of rampaging (worn)
 e - a +1 pair of gloves of strength (worn)
 f - a +0 buckler of cold resistance
Jewellery
 k - a ring of ice
 o - a ring of magical power (left hand)
 p - a ring of positive energy
 z - an amulet of guardian spirit (around neck)
 L - the ring "Fusiz" (right hand) {rPois rF+ rC+}
   (You found it in a Gauntlet)

   [ring of protection from fire]

   rF:        It protects you from fire.
   rC:        It protects you from cold.
   rPois:     It protects you from poison.
 O - a ring of resist corrosion
 P - a ring of willpower
Wands
 D - a wand of flame (43)
 Q - a wand of iceblast (10)
Scrolls
 g - 6 scrolls of enchant weapon
 h - 3 scrolls of magic mapping
 j - a scroll of vulnerability
 l - a scroll of fear
 n - a scroll of amnesia
 t - 3 scrolls of teleportation
 u - a scroll of torment {unknown}
 x - 4 scrolls of fog
 y - 3 scrolls of noise {unknown}
 F - 2 scrolls of blinking {unknown}
 K - a scroll of brand weapon {unknown}
 U - 3 scrolls of summoning
Potions
 m - 3 potions of brilliance {unknown}
 r - 3 potions of might
 s - 3 potions of resistance
 v - 2 potions of invisibility {unknown}
 w - 2 potions of haste
 E - a potion of mutation
 G - a potion of lignification
 H - 4 potions of curing {unknown}
 M - 5 potions of heal wounds {unknown}
 N - a potion of experience {unknown}
 S - 2 potions of cancellation
 T - a potion of magic {unknown}


   Skills:
 + Level 10.1 Fighting
 * Level 14.6 Axes
 + Level 10.1 Dodging
 - Level 8.0 Evocations


You had 11 spell levels left.
You didn't know any spells.
Your spell library contained the following spells:

 Spells                   Type           Power      Damage    Failure   Level
 Animate Skeleton         Necr           0%         N/A       41%         1
 Apportation              Tloc           0%         N/A       41%         1
 Corona                   Hex            0%         N/A       41%         1
 Summon Small Mammal      Summ           0%         N/A       41%         1
 Leda's Liquefaction      Hex/Erth       0%         N/A       99%         4
 Summon Lightning Spire   Summ/Air       0%         N/A       99%         4
 Bolt of Magma            Conj/Fire/Erth 0%         4d4       100%        5
 Statue Form              Tmut/Erth      0%         N/A       100%        6
 Storm Form               Tmut/Air       0%         N/A       100%        7
 Maxwell's Capacitive Co  Air            0%         ∞         100%        8


Dungeon Overview and Level Annotations

Branches:
Dungeon (11/15)            Temple (0/1) D:6            Lair (3/6) D:10
  Sewer (visited)          Bailey (visited)         Gauntlet (visited)
  Swamp: Lair:2-4    Shoals: Lair:2-4     Snake: Lair:2-4    Spider: Lair:2-4
    Orc: D:9-12

Altars:
Ashenzari
Fedhas
Hepliaklqana
Okawaru
Qazlal
Sif Muna
Uskayaw
Wu Jian

Shops:
D:10 ![

Annotations:
D:8 1 runed translucent door, exclusion: oklob plant, Harold; nxtlvl's ghost, novice FoMo


Innate Abilities, Weirdness & Mutations

You can breathe blasts of scalding, opaque steam.
Your pale cyan-grey scales are hard. (AC +8)
You cannot fit into any form of body armour.
You are cold-blooded and may be slowed by cold attacks.
You are immune to the effects of steam.


Message History

The swamp worm completely misses you.
The tyrant leech bites you but does no damage.
The swamp worm bites you! x2; The tyrant leech bites you!!
The swamp worm bites you! The tyrant leech bites you! The swamp worm bites you!
The basilisk bites you but does no damage.
The swamp worm bites you but does no damage.
The tyrant leech bites you but does no damage.
The swamp worm bites you! The basilisk gazes at you.
The tyrant leech bites you!! The swamp worm bites you!
The basilisk bites you but does no damage.
The swamp worm bites you!
The tyrant leech bites you but does no damage.
The basilisk bites you! The swamp worm bites you! The basilisk bites you!
The tyrant leech bites you! The swamp worm bites you!
* * * LOW HITPOINT WARNING * * *
You turn to flesh and can move again.
Unknown command.
Your iron troll goes berserk!
The basilisk completely misses you. The swamp worm bites you!
* * * LOW HITPOINT WARNING * * *
The tyrant leech bites you.
* * * LOW HITPOINT WARNING * * *
The tyrant leech draws strength from your injuries!
Unknown command.
Your skin crawls.
You feel strong-willed. The swamp worm bites you.
* * * LOW HITPOINT WARNING * * *
The basilisk bites you. The tyrant leech bites you.
* * * LOW HITPOINT WARNING * * *
The tyrant leech draws strength from your injuries!
Your iron troll bites the swamp worm!!!
The swamp worm dies!
Trog accepts your kill.
You feel yourself speed up. The basilisk barely misses you.
The tyrant leech bites you!!
You die...

.#.#.≈≈≈≈≈≈≈≈≈≈.....#..#.
#...≈≈≈≈≈≈≈≈..........## #
##....≈≈≈≈≈≈≈.##......P## ..
+.........≈≈.#.##......##
...#..#........#####..##....
....P#..#(....≈## #...#...=
..##......#≈≈≈≈≈≈###...#....
..........l≈≈≈≈≈≈≈≈.......##
.#......≈w@≈###≈≈≈≈#.#P..##
........≈≈≈### ###≈≈≈≈###..#
#.......≈T≈# ##≈≈P###...
#.......≈≈P≈w #≈≈###....
...#....≈≈P#≈≈≈ ##≈≈.#.....
........≈≈≈###≈###≈≈≈...#...
w .......≈≈≈≈###≈≈≈≈...####.
..........≈≈≈≈≈≈≈.......##.
..........≈≈≈≈≈##.....###.


You could see a tyrant leech, a basilisk and a friendly iron troll (summoned,
berserk).

Vanquished Creatures
  A minotaur (Gauntlet)
  A green death (Gauntlet)
  4 two-headed ogres
  5 orc knights
  Pikel (D:7)
  An ugly thing (Gauntlet)
  A moth of wrath (Gauntlet)
  Maurice (D:8)
  Joseph (D:8)
  A black mamba (Lair:2)
  2 orange demons (Gauntlet)
  A cane toad (Lair:1)
  A kobold demonologist (D:10)
  A slime creature (D:8)
  3 blink frogs (Lair:2)
  A shadow (D:9)
  2 wyverns (D:10)
  8 yaks
  A basilisk (D:10)
  A vampire mosquito (D:10)
  An acid dragon (D:9)
  3 water moccasins (Lair:1)
  A sky beast (D:7)
  10 orc warriors
  3 necrophages (D:5)
  2 ogres
  A black bear (D:10)
  28 wolves
  6 centaurs
  6 kobold brigands
  A gnoll sergeant (D:8)
  2 bullfrogs
  3 scorpions
  6 killer bees
  5 wights (D:9)
  2 electric eels (D:8)
  5 howler monkeys
  A bullfrog zombie (D:6)
  5 centaur zombies
  A jelly (D:6)
  5 orc priests
  2 hounds (D:5)
  An iguana (D:6)
  8 orc wizards
  A howler monkey zombie (D:10)
  5 gnolls (D:8)
  4 adders (Sewer)
  8 river rats (Sewer)
  A shadow imp (D:8)
  An ufetubus (D:5)
  44 orcs
  4 ball pythons
  7 endoplasms
  4 giant cockroaches
  A hobgoblin (D:2)
  4 jackals (D:1)
  5 quokkas
  A frilled lizard (D:2)
  4 goblins (D:10)
  26 kobolds
  21 rats
287 creatures vanquished.

Vanquished Creatures (collateral kills)
  An orc knight (Bailey)
  A swamp worm (Lair:2)
  An orc warrior (Bailey)
3 creatures vanquished.

Vanquished Creatures (others)
  15 fungi
  28 plants
43 creatures vanquished.

Grand Total: 333 creatures vanquished

Notes
Turn   | Place    | Note
-------+----------+-------------------------------------------
     0 | D:1      | nxtlvl the Draconian Berserker began the quest for the Orb.
     0 | D:1      | Reached XP level 1. HP: 19/19 MP: 1/1
     2 | D:1      | Found a runed translucent door.
    17 | D:1      | Reached XP level 2. HP: 26/26 MP: 2/2
    85 | D:2      | Reached skill level 4 in Axes
   171 | D:3      | Found a hide-covered altar of Uskayaw.
   230 | D:3      | Noticed a scorpion
   242 | D:3      | Reached ** piety under Trog
   264 | D:3      | Found a hazy altar of Hepliaklqana.
   270 | D:3      | Killed a scorpion
   271 | D:3      | Reached skill level 5 in Axes
   271 | D:3      | Reached XP level 3. HP: 30/31 MP: 1/3
   271 | D:3      | Reached XP level 4. HP: 37/38 MP: 1/4
   365 | D:5      | Entered Level 5 of the Dungeon
   365 | D:5      | Found the +7 mace of Variability {chain chaos}
   499 | D:5      | Noticed a necrophage
   504 | D:5      | Killed a necrophage
   505 | D:5      | Reached skill level 6 in Axes
   505 | D:5      | Reached XP level 5. HP: 45/45 MP: 5/5
   535 | D:5      | Reached XP level 6. HP: 42/51 MP: 4/6
   538 | D:5      | Found a broken altar of Ashenzari.
   557 | D:5      | Reached skill level 7 in Axes
   600 | D:5      | Reached skill level 8 in Axes
   673 | D:5      | Your scales start taking on a pale cyan-grey colour.
   673 | D:5      | Reached XP level 7. HP: 57/57 MP: 7/7
   673 | D:5      | Gained mutation: You are immune to the effects of steam.
                  | [Pale Draconian growth]
   732 | D:5      | Found a glowing drain.
   736 | Sewer    | Entered a sewer
   903 | Sewer    | Reached *** piety under Trog
   985 | Sewer    | Reached skill level 9 in Axes
  1208 | D:6      | Found a staircase to the Ecumenical Temple.
  1304 | D:6      | Found a stormy altar of Qazlal.
  1385 | D:7      | Reached skill level 1 in Evocations
  1399 | D:7      | Reached XP level 8. HP: 66/66 MP: 6/8
  1499 | D:8      | Noticed nxtlvl's ghost (novice FoMo)
  1501 | D:8      | Noticed a deep elf pyromancer
  1507 | D:8      | Found a runed translucent door.
  1508 | D:8      | Noticed Joseph
  1526 | D:8      | Killed Joseph
  1527 | D:8      | Reached skill level 10 in Axes
  1656 | D:8      | Found a blossoming altar of Fedhas.
  1720 | D:8      | Noticed an oklob plant
  1765 | D:8      | Noticed Maurice
  1773 | D:8      | Killed Maurice
  1773 | D:8      | Reached **** piety under Trog
  1774 | D:8      | Reached skill level 5 in Fighting
  1774 | D:8      | Reached XP level 9. HP: 74/74 MP: 6/9
  1846 | D:8      | Noticed Harold
  1850 | D:8      | Paralysed by Harold for 6 turns
  1898 | D:9      | Noticed a two-headed ogre
  1907 | D:9      | Killed a two-headed ogre
  1908 | D:9      | Reached skill level 11 in Axes
  1948 | D:9      | Reached skill level 5 in Dodging
  1980 | D:9      | Found an iron altar of Okawaru.
  2063 | D:9      | Reached skill level 5 in Evocations
  2280 | D:9      | Found a large runed translucent door.
  2281 | D:9      | Found a large runed translucent door.
  2311 | D:9      | Found a shimmering blue altar of Sif Muna.
  2318 | D:9      | Found an ornate altar of the Wu Jian Council.
  2353 | D:9      | Reached XP level 10. HP: 84/84 MP: 10/10
  2390 | D:9      | Noticed a two-headed ogre
  2399 | D:9      | Killed a two-headed ogre
  2541 | D:9      | Reached ***** piety under Trog
  2624 | D:8      | Reached skill level 12 in Axes
  2715 | D:7      | Noticed Pikel
  2723 | D:7      | Killed Pikel
  2862 | D:10     | Entered Level 10 of the Dungeon
  2879 | D:10     | Found Quath's Distillery.
  2898 | D:10     | Noticed a two-headed ogre
  2907 | D:10     | Killed a two-headed ogre
  2974 | D:10     | Found a flagged portal.
  2989 | Bailey   | Entered a bailey
  3104 | Bailey   | Acquired a manual of Dodging
  3106 | Bailey   | Noticed an orc knight
  3144 | Bailey   | Killed an orc knight
  3162 | Bailey   | Noticed an orc knight
  3162 | Bailey   | Noticed an orc knight
  3168 | Bailey   | Killed an orc knight
  3169 | Bailey   | Reached XP level 11. HP: 94/94 MP: 11/11
  3171 | Bailey   | Killed an orc knight
  3175 | Bailey   | Noticed an orc knight
  3186 | Bailey   | Killed an orc knight
  3189 | Bailey   | Noticed an orc knight
  3193 | Bailey   | Killed an orc knight
  3194 | Bailey   | Reached skill level 13 in Axes
  3262 | D:10     | Found Gaga's Antique Armour Boutique.
  3266 | D:10     | Bought a pair of glowing boots for 180 gold pieces
  3369 | D:10     | Found a staircase to the Lair.
  3472 | D:10     | Noticed a two-headed ogre
  3483 | D:10     | Killed a two-headed ogre
  3598 | D:10     | Noticed an orc knight
  3614 | D:10     | Killed an orc knight
  4042 | D:11     | Found a gate leading to a gauntlet.
  4046 | Gauntlet | Entered a Gauntlet
  4046 | Gauntlet | Found a transporter.
  4046 | Gauntlet | Found a transporter.
  4063 | Gauntlet | Found a transporter.
  4067 | Gauntlet | Found a transporter.
  4079 | Gauntlet | Noticed a fire crab
  4083 | Gauntlet | Found a transporter.
  4091 | Gauntlet | Found a transporter.
  4106 | Gauntlet | Found a transporter.
  4118 | Gauntlet | Noticed a red ugly thing
  4119 | Gauntlet | Noticed a glowing orange brain
  4122 | Gauntlet | Found a transporter.
  4141 | Gauntlet | Found a transporter.
  4145 | Gauntlet | Found a transporter.
  4156 | Gauntlet | Found a transporter.
  4160 | Gauntlet | Found a transporter.
  4162 | Gauntlet | Noticed a green death
  4281 | Gauntlet | Killed a green death
  4286 | Gauntlet | Identified the ring "Fusiz" {rPois rF+ rC+}
  4338 | Gauntlet | Killed a red ugly thing
  4403 | Gauntlet | Noticed a minotaur
  4416 | Gauntlet | Killed a minotaur
  4417 | Gauntlet | Reached skill level 14 in Axes
  4492 | Lair:1   | Entered Level 1 of the Lair of Beasts
  4503 | Lair:1   | Reached XP level 12. HP: 81/105 MP: 12/12
  4952 | Lair:2   | Reached ****** piety under Trog
  4952 | Lair:2   | Received a gift from Trog
  4977 | Lair:2   | Reached skill level 10 in Fighting
  5042 | Lair:2   | Reached skill level 10 in Dodging
  5223 | Lair:2   | Mangled by a tyrant leech

Illustrated notes

Levels and vault maps discovered:
D:1:      dpeg_arrival_caged_fury, layout_loops_ring,
          dreamdust_ecumenical_altar_angels_and_demons, minmay_crystal_water
D:2:      layout_loops_ring, uniq_jessica
D:3:      layout_basic, lightli_temple_of_fire, old_standard_altar,
          mainiacjoe_overflow_24_doors, mainiacjoe_overflow_small_starburst,
          roderic_roman_lattice
D:4:      layout_loops_cross, uniq_blork_the_orc
D:5:      layout_loops_ring, ashenzari_altar_1, gup_sewer_entry_bowl
D:6:      layout_basic, nicolae_qazlal_general_emergency,
          minmay_temple_entry_mist, serial_corexii_hall, corexii_hall_statues_t,
          corexii_hall_statues_i, corexii_hall_statues_s,
          corexii_hall_statues_deadend, skrybe_limestone_x
D:7:      layout_layer_cave, ebering_ghost_disaster_area, uniq_pikel
D:8:      layout_cave_pools, tgw_fedhas, ebering_ghost_inner_flame,
          kennysheep_potato, uniq_harold, uniq_maurice, uniq_joseph
D:9:      layout_roguey, jmf_multi_god_temple2, okawaru_trees_2
D:10:     layout_stronghold, david_lair_generic, enter_bailey_5, serial_shops,
          shop, shop, chequers_serial_rivers_small_b, nzn_random_ring
D:11:     nzn_winding_woodlands_large [nzn_winding_woodlands_5x5_checkerboard,
          nzn_winding_woodlands_5x15_sidewinder,
          nzn_winding_woodlands_5x5_closed_star,
          nzn_winding_woodlands_center_lodge,
          nzn_winding_woodlands_15x15_eel_pit,
          nzn_winding_woodlands_center_pierced_h,
          nzn_winding_woodlands_5x5_open_star,
          nzn_winding_woodlands_5x15_split_checker,
          nzn_winding_woodlands_hourglass], layout_cave_pods,
          gauntlet_entry_generic, uniq_grum, uniq_erica
Lair:1:   layout_layer_cave, grunt_forest_large_clearings,
          infiniplex_staircase_pool
Lair:2:   layout_layer_cave, minivault_11, worms_lemuel,
          infiniplex_staircase_pool_2, grunt_megastairs_2
Lair:3:   layout_regular_city, serial_bayou_pond_c, roderic_batcave,
          minmay_lair_oklob_chamber

Skill      XL: |  1  2  3  4  5  6  7  8  9 10 11 12 |
---------------+-------------------------------------+-----
Axes           | 5 6 8 9 10 11 12 14 | 14.6
Evocations     | 1 3 5 7 8 |  8.0
Dodging        | 3 4 5 6 9 10 | 10.1
Fighting       | 5 6 8 9 10 | 10.1

Action                   |  1- 3 |  4- 6 |  7- 9 | 10-12 || total
-------------------------+-------+-------+-------+-------++-------
Melee: Hand axe          |    55 |     4 |       |       ||    59
       Tailslap          |     4 |     2 |    16 |    50 ||    72
       Great mace        |       |    28 |   148 |       ||   176
       War axe           |       |       |    30 |   328 ||   358
       Battleaxe         |       |       |       |    19 ||    19
Throw: Dart              |       |     3 |       |       ||     3
Invok: Berserk           |     2 |     4 |     9 |    15 ||    30
       Brothers in Arms  |       |       |       |     3 ||     3
       Trog's Hand       |       |       |       |     1 ||     1
 Abil: Breathe Steam     |       |       |     8 |    31 ||    39
Evoke: Wand              |       |       |     6 |    26 ||    32
  Use: Scroll            |       |       |    12 |     4 ||    16
       Potion            |       |       |       |     1 ||     1
 Stab: Confused          |       |       |     3 |       ||     3
Armor: Skin              |     9 |     2 |    68 |   123 ||   202
Dodge: Dodged            |    27 |    25 |   125 |   303 ||   480
Block: Buckler           |       |       |       |    14 ||    14
